 Dungeon Crawl Stone Soup version 0.32-a0-132-g2d33c3cfaf (webtiles) character file.

Game seed: 11935688734884912148

37 Esekla the Sneak (level 3, 26/26 HPs)
             Began as an Octopode Delver on Feb 9, 2024.
             Quit the game on level 5 of the Dungeon.
             The game lasted 00:02:19 (197 turns).

Esekla the Sneak (Octopode Delver)                   Turns: 197, Time: 00:02:20

Health: 26/26      AC:  1    Str: 11    XL:     3   Next: 41%
Magic:  3/3        EV: 13    Int: 14    God:
Gold:   8          SH:  0    Dex: 13    Spells: 2/2 levels left

rFire   . . .        a - +0 falchion
rCold   . . .        (no shield)
rNeg    . . .        (helmet restricted)
rPois   .            (no amulet)
rElec   .            (no ring)
rCorr   .            (no ring)
SInv    .            (no ring)
Will    .....        (no ring)
Stlth   +++++        (no ring)
HPRegen 0.24/turn    (no ring)
MPRegen 0.08/turn    (no ring)
                     (no ring)

%: no passive effects
@: no status effects
A: almost no armour, amphibious, 8 rings, camouflage 1, gelatinous body 1,
(nimble swimmer 1), tentacles
a: no special abilities


You were on level 5 of the Dungeon.
You visited 2 branches of the dungeon, and saw 2 of its levels.

You collected 8 gold pieces.

Inventory:

Hand Weapons
 a - a +0 falchion (weapon)
Wands
 f - a wand of digging (3)
Scrolls
 b - a scroll of fog
 d - a scroll of fear
Potions
 e - a potion of haste


   Skills:
 + Level 3.2 Fighting
 + Level 2.1 Long Blades
 + Level 2.1 Dodging
 + Level 7.7 Stealth


You had 2 spell levels left.
You didn't know any spells.
Your spell library was empty.

Dungeon Overview and Level Annotations

Branches:
Dungeon (5/15)             Temple (1/1) D:5

Altars:
Ashenzari
Cheibriados
Elyvilon
Fedhas
Kikubaaqudgha
Makhleb
Ru
Sif Muna
Wu Jian
Xom
Yredelemnul

Annotations:
D:5 Menkaure


Innate Abilities, Weirdness & Mutations

You cannot wear most types of armour.
You are amphibious.
You can wear up to eight rings at the same time.
Your skin changes colour to match your surroundings (Stealth+).
Your rubbery body absorbs attacks. (AC +1, EV +1)
((You are camouflaged when in or above water. (Stealth+)))
You have tentacles for arms and can constrict up to eight enemies at once.


Message History

Increase (S)trength, (I)ntelligence, or (D)exterity?
Uppercase letters only, please.
You feel clever. x2
Adjust (i)tems, (s)pells, or (a)bilities?
Okay, then.
Okay, then.
The adder hisses angrily.
You see here a hound corpse.
You hit the adder. Your grab misses the adder.
The adder is moderately wounded.
The adder barely misses you. The adder bites you.
You slash the adder! You grab the adder. Your squeeze misses the adder.
The adder is almost dead.
You constrict the adder. The adder barely misses you.
You hit the adder.
You kill the adder!
As you read the scroll of revelation, it crumbles to dust.
You feel aware of your surroundings.
You sensed 2 altars.
You see here a hound corpse.
Found a staircase to the Ecumenical Temple.
You start waiting.
Menkaure is nearby!
Found a stone staircase leading down.
There is a staircase to the Ecumenical Temple here.
You climb downwards.
Welcome to the Ecumenical Temple!
Found four altars.
Found a staircase back to the Dungeon.
There is a staircase back to the Dungeon here.
Search for what [? for help]?
Gozag Can't find anything matching that.
Unknown command.
You climb upwards.
Level annotation: Menkaure
There is a staircase to the Ecumenical Temple here.
Found a trident.
A gnoll comes into view. It is wielding a +0 club.
You see here a +0 trident.
You open the door.
There is an open door here.
Found a sacrificial altar of Ru.
Are you sure you want to abandon this character and quit the game? (Confirm with "yes".)

# #.# *,**,* **,***,*,* * # #.#
*,**,*****,,,,**,***** # #.#
#.**,,,,,,,,,,,,,,,,,, # #.#
#.*####+####,,,******* ###.##
#.,+.......+,,,,***** #...#
#.*#.#...#,*,,,,,,,,*
##.ß.#######.##.#._.#,*,,,,***,*
#..........#..#.#...#.#,,,** *,*
#ß.>.ß####.##.'.@.....+,,** *,*
#.....####.##.####+####,,* *,*
##.ß.##....##.# *,,*,**,* *,*
###.......##.# **,*,**,* *,*
***#.#####.##.# *,*,**,* *,*
,,,#.# ##.##)# *,*,**,*****,*
**,#>#
*#.....#****,*,,,,,,,,,,** *,#.#
#.###.......g,,,,,,,,,,,,,
**,#.#*#.*
#........,,,,,***,,,,,


There were no monsters in sight!

Vanquished Creatures
  A hound (D:5)
  An adder (D:5)
2 creatures vanquished.

Notes
Turn   | Place    | Note
-------+----------+-------------------------------------------
     0 | D:5      | Esekla the Octopode Delver began the quest for the Orb.
     0 | D:5      | Reached XP level 1. HP: 16/16 MP: 1/1
    35 | D:5      | Noticed Menkaure
    44 | D:5      | Noticed a hound
    62 | D:5      | Killed a hound
    63 | D:5      | Reached skill level 7 in Stealth
    63 | D:5      | Reached XP level 2. HP: 21/21 MP: 2/2
    63 | D:5      | Reached XP level 3. HP: 26/26 MP: 3/3
   111 | D:5      | Found a staircase to the Ecumenical Temple.
   174 | Temple   | Entered the Ecumenical Temple
   195 | D:5      | Found a sacrificial altar of Ru.
   197 | D:5      | Quit the game

Illustrated notes

Levels and vault maps discovered:
D:5:      layout_loops_ring, mainiacjoe_overflow_six_doors_small,
          grunt_qazlal_clouds, minmay_temple_entry_statues_pillars,
          grunt_ministairs_4, uniq_crazy_yiuf_cottage, uniq_duvessa,
          uniq_menkaure
Temple:   nicolae_temple_ecumenical_triangle

Skill      XL: |  1 |
---------------+----+-----
Stealth        | 7 |  7.7
Fighting       | |  3.2
Long Blades    | |  2.1
Dodging        | |  2.1

Action                     || total
---------------------------++-------
  Melee: Falchion          ||     6
         Constrict         ||     2
         Tentacles         ||     1
    Use: Scroll            ||     1
 Armour: Skin              ||     2
  Dodge: Dodged            ||     5

Table legend: (Time is in decaauts)
 A = Elapsed time spent in this place.
 B = Non-inter-level travel time spent in this place.
 C = Inter-level travel time spent in this place.
 D = Time resting spent in this place.
 E = Time spent auto-exploring this place.
 F = Levels seen in this place.
 G = Mean time per level.
                   A        B        C        D        E       F      G
               +--------+--------+--------+--------+--------+-----+--------+
         Total |    198 |    198 |      0 |     23 |      0 |   2 |   99.0 |
       Dungeon |    196 |    196 |      0 |     23 |      0 |   1 |  196.0 |
        Temple |      1 |      1 |      0 |      0 |      0 |   1 |    1.0 |
               +--------+--------+--------+--------+--------+-----+--------+

Top non-repeatable levels by time:
     D:5: 196 daAuts
  Temple: 1 daAuts
